 Dungeon Crawl Stone Soup version 0.32-a0-913-g739538afd8 (webtiles) character file.

Game seed: 519301520227582011

98421 FireVortex the Warrior (level 16, -19/208 HPs)
             Began as a Coglin Berserker on Apr 7, 2024.
             Was a High Priest of Trog.
             Killed from afar by Nikola (48 damage)
             ... with a bolt of lightning
             ... on level 14 of the Dungeon.
             The game lasted 00:37:20 (29414 turns).

FireVortex the Warrior (Coglin Berserker)          Turns: 29414, Time: 00:37:21

Health: -19/208    AC: 21    Str: 21    XL:     16   Next: 22%
Magic:  16/16      EV: 16    Int: 12    God:    Trog [*****.]
Gold:   2043       SH:  0    Dex: 20    Spells: 15/15 levels left

rFire   . . .        V - +7 long sword {Bonhwa}
rCold   . . .        g - +5 long sword {Wasuekhla}
rNeg    . . .        m - +6 chain mail of Xyrog {*Corrode Str+4}
rPois   +            Q - +0 hat {Int+3}
rElec   .            M - +1 cloak {rPois}
rCorr   .            h - +0 pair of gloves
SInv    .            H - +1 pair of boots {Fly}
Will    +....        (amulet unavailable) Stlth
                     (ring unavailable)
HPRegen 0.54/turn    (ring unavailable)
MPRegen 0.15/turn    (no gizmo)

%: corrode self (3%)
@: berserking (expiring), flying, revving, very quick
A: off-hand wielding, slow wielding, warmup strikes, no jewellery
a: Invent Gizmo, Renounce Religion, Berserk, Trog's Hand, Brothers in Arms


You were on level 14 of the Dungeon.
You worshipped Trog.
Trog was extremely pleased with you.
You visited 4 branches of the dungeon, and saw 22 of its levels.

You collected 2440 gold pieces.
You spent 397 gold pieces at shops.

Inventory:

Hand Weapons
 g - a +5 long sword (offhand) {Wasuekhla}
 r - a +1 scimitar of flaming
 O - a +2 long sword of flaming {Kannika}
 V - a +7 long sword (weapon) {Bonhwa}
Missiles
 u - 3 throwing nets {=f!f}
 T - 3 curare-tipped darts {=f}
Armour
 h - a +0 pair of gloves (worn)
 m - the +6 chain mail of Xyrog (worn) {*Corrode Str+4}
   (You bought it in a shop on level 2 of the Orcish Mines)

   Str+4:     It affects your strength (+4).
   *Corrode:  It may corrode you when you take damage.
 o - a +4 plate armour
 H - a +1 pair of boots of flying (worn)
 M - a +1 cloak of poison resistance (worn)
 P - +0 swamp dragon scales
 Q - a +0 hat of intelligence (worn)
Wands
 a - a wand of roots (4)
 k - a wand of acid (2)
 x - a wand of charming (11)
 D - a wand of polymorph (12)
 R - a wand of mindburst (1)
 S - a wand of flame (13)
 U - a wand of digging (3)
Scrolls
 b - 6 scrolls of teleportation {@r4}
 e - 3 scrolls of amnesia
 j - a scroll of blinking {!r}
 p - 2 scrolls of immolation {!r!r}
 q - 2 scrolls of enchant weapon
 w - 3 scrolls of revelation
 y - 2 scrolls of enchant armour
 A - 6 scrolls of noise {!r}
 B - 2 scrolls of silence {!r}
 C - 2 scrolls of fear
 E - a scroll of torment {!r}
 F - a scroll of poison
 K - a scroll of silence {!r!r}
 X - a scroll of brand weapon
 Z - a scroll of vulnerability {!r!r}
Potions
 c - 2 potions of mutation {unknown}
 d - 4 potions of might
 f - a potion of enlightenment {unknown}
 i - 2 potions of magic {unknown}
 l - 2 potions of brilliance {unknown}
 n - 2 potions of attraction {unknown}
 s - 2 potions of invisibility {unknown}
 t - a potion of resistance {unknown}
 v - 9 potions of cancellation {unknown}
 z - 3 potions of curing {@q1}
 I - 2 potions of berserk rage {unknown}
 J - 4 potions of haste {unknown}
 L - a potion of degeneration {!q}
 Y - a potion of ambrosia {unknown}
Miscellaneous
 W - a phantom mirror (inert)


   Skills:
 + Level 16.7 Fighting
 - Level 16.0 Long Blades
 - Level 3.7 Axes
 - Level 5.0 Armour
 + Level 15.2 Dodging


You had 15 spell levels left.
You didn't know any spells.
Your spell library was empty.

Dungeon Overview and Level Annotations

Branches:
Dungeon (14/15)            Temple (1/1) D:7            Lair (5/5) D:9
  Swamp (0/4) Lair:3        Snake (0/4) Lair:2        Slime (0/5) Lair:5
    Orc (2/2) D:9             Elf (0/3) Orc:2
 Vaults: D:13-14

Altars:
Ashenzari
Cheibriados
Dithmenos
Elyvilon
Fedhas
Gozag
Hepliaklqana
Kikubaaqudgha
Makhleb
Nemelex Xobeh
Okawaru
Qazlal
Ru
Sif Muna
Trog
Uskayaw
Vehumet
Wu Jian
Xom
Yredelemnul
Zin
The Shining One
Lugonu

Shops:
D:6 !   D:12 (   Orc:2 [(([

Portals:
Abyss: Lair:5

Annotations:
D:5 2 runed translucent doors, MirrMurr's ghost, novice GnWr
D:14 Nikola
Lair:5 1 runed translucent door, ILmort's ghost, journeyman DgHu


Innate Abilities, Weirdness & Mutations

You can wield a second weapon in your off-hand.
It takes a long time for you to wield or remove held weapons.
Your first few attacks do less damage.
You cannot equip rings or amulets.


Message History

Nikola the Mad Inventor comes into view.
He is wielding a +3 rapier of electrocution.
Nikola shouts!
Found a radiant altar of Vehumet.
Nikola mumbles, "Hm, I wonder if you're conductive."
There is an open door here.
Nikola hits you with a +3 rapier of electrocution.
You are electrocuted!
A red film seems to cover your vision as you go berserk!
You feel yourself moving faster!
You feel mighty!
Nikola casts a spell.
Lightning arcs from Nikola's hands!
The bolt of lightning hits you!!!!
Ouch! That really hurt!
* * * LOW HITPOINT WARNING * * *
A bolt of lightning appears from out of thin air!
The bolt of lightning hits Nikola!
You hear a shout! x5
You are too injured to fight recklessly!
You slash Nikola with your +5 long sword!
You slash Nikola with your +7 long sword!
Nikola casts a spell.
Nikola blinks!
Unknown command.
You feel a strong urge to attack something.
Unknown command.
You closely miss Nikola with your +5 long sword.
You slice Nikola with your +7 long sword!!
You slash Nikola with your +7 long sword!
You slice Nikola with your +5 long sword!!
A salamander mystic opens the door.
A salamander mystic comes into view. It is wielding a +0 dagger.
Nikola hits you with a +3 rapier of electrocution!
* * * LOW HITPOINT WARNING * * *
You slice Nikola with your +5 long sword!!
You slash Nikola with your +7 long sword!
You slash Nikola with your +7 long sword!
You barely miss Nikola with your +5 long sword.
Nikola hits you with a +3 rapier of electrocution.
* * * LOW HITPOINT WARNING * * *
You slash Nikola with your +5 long sword!
You slash Nikola with your +7 long sword!
Unknown command.
You slice Nikola with your +7 long sword!!
You barely miss Nikola with your +5 long sword.
An arcanist opens the door.
A deep elf pyromancer comes into view. It is wielding a +0 short sword.
Nikola points at you and mumbles some strange words.
The bolt of lightning hits you!!
* * * LOW HITPOINT WARNING * * *
The bolt of lightning hits you!!!
You die...

## '# ##ß#ß ..
##.... ++####p
#ß.... ....'
##...# ##..○#
#ß...ß
##..☼○####○
#...##
#_.@.§○N☼○§
+...'. #.@.N#
##...##
..###.○§###
#ß...ß#
#....e...'.#
##..)##
##++##++##.####
#ß...).
#.##ß####.....
#.....ß###.#ß#
###)..########
#ß.).ß##...[.
##...###.ß...


You could see Nikola, 2 salamander mystics, a deep elf pyromancer and an
arcanist.

Vanquished Creatures
  A sphinx (D:13)
  Gastronok (Lair:3)
  An orc warlord (Orc:1)
  Azrael (D:13)
  An ettin (Orc:2)
  Harold (D:9)
  Erolcha (D:10)
  5 hydras
  2 ogre magi (Orc:2)
  3 centaur warriors
  2 boulder beetles
  A death yak (Lair:1)
  10 two-headed ogres
  An occultist (D:14)
  Sonja (Lair:4)
  Amaemon (Lair:1)
  An iron troll (Orc:2)
  Urug (Orc:1)
  4 thrashing horrors (Lair:5)
  3 skeletal warriors (D:14)
  An arcanist (D:14)
  A deep troll (Orc:2)
  Pikel (D:8)
  A deep elf pyromancer (D:14)
  2 obsidian bats
  A manticore (D:11)
  3 orc knights
  6 ugly things
  2 orc sorcerers
  7 cyclopes
  A large abomination (Lair:5)
  6 black mambas
  6 slime creatures
  A kobold blastminer (Orc:1)
  15 elephants
  A black mamba (shapeshifter) (Lair:5)
  A guardian serpent (Lair:2)
  8 cane toads
  Maggie (Lair:1)
  3 smoke demons (Lair:5)
  A torpor snail (Lair:1)
  6 rime drakes
  An orange demon (Lair:1)
  An unseen horror (shapeshifter) (Lair:5)
  Psyche (D:9)
  Jeremiah (D:9)
  5 komodo dragons
  2 kobold demonologists (D:11)
  17 trolls
  3 tengu conjurers (D:14)
  A polar bear (shapeshifter) (Lair:5)
  27 blink frogs
  A hornet (shapeshifter) (D:14)
  A blink frog (shapeshifter) (Lair:5)
  A raiju (Lair:5)
  10 dream sheep
  2 shadows
  11 small abominations (Lair:5)
  A spriggan (Lair:5)
  A vampire (D:14)
  A wraith (D:11)
  65 yaks
  4 wyverns
  3 fire elementals
  4 vampire mosquitoes (D:13)
  5 wargs
  6 basilisks
  A chaos spawn (Lair:5)
  3 acid dragons
  11 water moccasins
  A two-headed ogre zombie (D:9)
  5 hell hounds (D:13)
  A swamp worm (Lair:3)
  19 orc warriors
  A black bear (Lair:2)
  A black bear (shapeshifter) (D:13)
  2 ice beasts
  22 ogres
  13 wolves
  14 centaurs
  2 phantoms
  12 bullfrogs
  5 scorpions
  6 wights
  3 troll zombies (D:9)
  7 killer bees (D:10)
  8 howler monkeys
  2 electric eels (Lair:3)
  14 orc priests
  Crazy Yiuf (D:6)
  A gnoll bouda (D:3)
  A hound (D:4)
  5 jellies
  An iguana (D:5)
  A sleepcap (D:4)
  23 orc wizards
  4 ogre zombies (D:9)
  10 gnolls
  3 adders
  2 shadow imps (D:5)
  2 white imps
  3 ufetubi
  4 dart slugs
  A ribbon worm (D:3)
  70 orcs
  8 endoplasms
  3 giant cockroaches
  8 goblins
  8 hobgoblins
  A jackal (D:10)
  3 quokkas
  8 ball pythons
  7 bats
  5 frilled lizards
  4 gnoll skeletons (D:9)
  4 gnoll zombies (D:9)
  10 kobolds
  17 orc zombies (D:9)
  5 rats
668 creatures vanquished.

Vanquished Creatures (collateral kills)
  A fire giant (D:13)
  4 hydras
  An ogre mage (D:13)
  2 centaur warriors (D:13)
  Lodul (D:10)
  A hornet (D:13)
  A blink frog (Lair:2)
  A yak (Lair:2)
  A basilisk (Lair:2)
  An orc warrior (D:8)
  4 ogres (D:10)
  2 orc priests (D:8)
20 creatures vanquished.

Vanquished Creatures (others)
  An orc sorcerer (Orc:2)
  4 killer bees (D:10)
  An orc (D:9)
6 creatures vanquished.

Grand Total: 694 creatures vanquished

Notes
Turn   | Place    | Note
-------+----------+-------------------------------------------
     0 | D:1      | FireVortex the Coglin Berserker began the quest for the
                  | Orb.
     0 | D:1      | Reached XP level 1. HP: 18/18 MP: 1/1
   202 | D:1      | Reached XP level 2. HP: 22/24 MP: 2/2
   253 | D:1      | Found a faded altar of an unknown god.
   477 | D:1      | Reached skill level 1 in Long Blades
   671 | D:1      | Reached XP level 3. HP: 26/29 MP: 3/3
   986 | D:2      | You fall into a shaft and drop 2 floors!
  1120 | D:4      | Reached XP level 4. HP: 10/35 MP: 4/4
  1121 | D:4      | Reached skill level 3 in Long Blades
  1277 | D:3      | Reached ** piety under Trog
  1278 | D:3      | Reached XP level 5. HP: 41/41 MP: 5/5
  2341 | D:3      | Noticed an ogre
  2349 | D:3      | Killed an ogre
  2350 | D:3      | Reached XP level 6. HP: 46/47 MP: 6/6
  2523 | D:3      | Found a white marble altar of Elyvilon.
  2954 | D:3      | Found a radiant altar of Vehumet.
  2990 | D:3      | Identified the +8 spear of the Chain {spect, Int+3}
  3591 | D:4      | Reached skill level 6 in Long Blades
  3814 | D:4      | Reached XP level 7. HP: 52/52 MP: 7/7
  4021 | D:5      | Entered Level 5 of the Dungeon
  4062 | D:5      | Noticed a wyvern
  4070 | D:5      | Killed a wyvern
  4156 | D:5      | Found an ancient bone altar of Kikubaaqudgha.
  4156 | D:5      | Found a snail-covered altar of Cheibriados.
  4156 | D:5      | Found a shadowy altar of Dithmenos.
  4233 | D:5      | Reached XP level 8. HP: 49/58 MP: 8/8
  4311 | D:5      | Reached *** piety under Trog
  4330 | D:5      | Found a runed translucent door.
  4334 | D:5      | Noticed MirrMurr's ghost (novice GnWr)
  4470 | D:5      | Found a runed translucent door.
  4504 | D:5      | Found a broken altar of Ashenzari.
  4575 | D:5      | Found a shimmering altar of Xom.
  4906 | D:6      | Reached skill level 9 in Long Blades
  5039 | D:6      | Found an ornate altar of the Wu Jian Council.
  5387 | D:6      | Found a runed translucent door.
  5388 | D:6      | Noticed Crazy Yiuf
  5478 | D:6      | Found Tohomasch's Distillery.
  5492 | D:6      | Bought 2 potions of curing for 72 gold pieces
  5492 | D:6      | Bought a potion of degeneration for 12 gold pieces
  5814 | D:6      | Killed Crazy Yiuf
  6023 | D:7      | Reached XP level 9. HP: 42/65 MP: 9/9
  6185 | D:7      | Reached skill level 3 in Dodging
  6530 | D:7      | Found a staircase to the Ecumenical Temple.
  6804 | Temple   | Entered the Ecumenical Temple
  6900 | D:8      | Reached **** piety under Trog
  6982 | D:8      | Reached skill level 6 in Fighting
  7015 | D:8      | Reached XP level 10. HP: 73/76 MP: 10/10
  7027 | D:8      | HP: 3/76 [orc warrior/+0 dire flail (2)]
  7512 | D:8      | Found a sparkling altar of Nemelex Xobeh.
  7535 | D:8      | Found a glowing golden altar of the Shining One.
  7535 | D:8      | Found a hide-covered altar of Uskayaw.
  7936 | D:9      | Noticed Psyche
  7940 | D:9      | Killed Psyche
  7965 | D:9      | Reached skill level 6 in Dodging
  8058 | D:9      | Noticed Pikel
  8066 | D:8      | Killed Pikel
  8072 | D:8      | Reached skill level 12 in Long Blades
  8375 | D:9      | Noticed Jeremiah
  8442 | D:8      | Reached XP level 11. HP: 55/86 MP: 11/11
  8534 | D:9      | Noticed Harold
  8669 | D:9      | Killed Jeremiah
  8833 | D:9      | Reached ***** piety under Trog
  8934 | D:9      | Killed Harold
  8983 | D:9      | Received a gift from Trog
  9200 | D:9      | Found a staircase to the Orcish Mines.
  9350 | D:9      | Found a staircase to the Lair.
  9384 | D:10     | Entered Level 10 of the Dungeon
  9399 | D:10     | Noticed Erolcha
  9407 | D:10     | Found a blossoming altar of Fedhas.
  9411 | D:10     | Killed Erolcha
  9428 | D:10     | Reached skill level 9 in Fighting
  9433 | D:10     | Found a sacrificial altar of Ru.
  9589 | D:10     | Noticed Lodul
  9605 | D:10     | Killed Lodul
 10046 | D:11     | Noticed a sun demon
 10052 | D:11     | Noticed a cyclops
 10070 | D:11     | Killed a cyclops
 10464 | D:11     | Noticed a two-headed ogre
 10467 | D:11     | Reached XP level 12. HP: 84/97 MP: 12/12
 10476 | D:11     | Killed a two-headed ogre
 10833 | D:11     | Reached skill level 9 in Dodging
 11659 | D:12     | Found a snail-covered altar of Cheibriados.
 12493 | D:12     | Noticed a two-headed ogre
 12500 | D:12     | Killed a two-headed ogre
 12501 | D:12     | Reached skill level 3 in Armour
 12928 | D:12     | Found Xumierot's Weapon Shoppe.
 13229 | Lair:1   | Entered Level 1 of the Lair of Beasts
 13238 | Lair:1   | Noticed Maggie
 13249 | Lair:1   | Killed Maggie
 14077 | Lair:1   | Reached XP level 13. HP: 102/106 MP: 13/13
 14249 | Lair:1   | Noticed Amaemon
 14263 | Lair:1   | Killed Amaemon
 14760 | Lair:2   | Found a staircase to the Snake Pit.
 15601 | Lair:2   | Reached skill level 12 in Fighting
 15684 | Lair:2   | Reached skill level 15 in Long Blades
 16156 | Lair:2   | Identified the +1 trident "Woutri" {flame, *Rage rPois rC+}
 16977 | Lair:3   | Noticed Gastronok
 16987 | Lair:3   | Killed Gastronok
 16988 | Lair:3   | Reached XP level 14. HP: 116/116 MP: 14/14
 17868 | Lair:3   | Found a staircase to the Swamp.
 18456 | Lair:4   | Reached skill level 12 in Dodging
 18689 | Lair:4   | Noticed Sonja
 18699 | Lair:4   | Killed Sonja
 19636 | Lair:5   | Entered Level 5 of the Lair of Beasts
 19826 | Lair:5   | Found a staircase to the Slime Pits.
 20222 | Lair:5   | Found a runed translucent door.
 20225 | Lair:5   | Noticed ILmort's ghost (journeyman DgHu)
 20225 | Lair:5   | Identified the +10 spear "Ribluwko" {chaos, Str+4 Int+5
                  | Dex+3}
 20540 | Lair:5   | Received a gift from Trog
 21290 | Lair:5   | Found a corrupted altar of Lugonu.
 21299 | Lair:5   | Reached XP level 15. HP: 83/127 MP: 15/15
 21420 | Lair:5   | Found a one-way gate to the infinite horrors of the Abyss.
 22024 | Orc:1    | Entered Level 1 of the Orcish Mines
 22511 | D:9      | Paralysed by an orc sorcerer for 3 turns
 22877 | Orc:1    | Noticed Urug
 23142 | Orc:1    | Killed Urug
 23431 | Orc:2    | Entered Level 2 of the Orcish Mines
 23431 | Orc:2    | Found a shimmering altar of Xom.
 23431 | Orc:2    | Found a staircase to the Elven Halls.
 24185 | Orc:1    | Received a gift from Trog
 24544 | Orc:2    | Reached skill level 15 in Fighting
 24880 | Orc:2    | Found Ufochaev's Antique Weapon Boutique.
 24905 | Orc:2    | HP: 4/129 [ettin/+0 dire flail (52)]
 26060 | Orc:2    | Noticed an orc warlord
 26157 | Orc:1    | Killed an orc warlord
 26327 | Orc:1    | HP: 6/130 [warg[an orc warlord] (14)]
 26670 | Orc:2    | Found Reilax's Antique Armour Shoppe.
 26682 | Orc:2    | Found Cutec's Antique Armour Shop.
 26692 | Orc:2    | Found Mafa's Weapon Boutique.
 26762 | Orc:2    | Bought a smoking chain mail for 313 gold pieces
 26762 | Orc:2    | Identified the +6 chain mail of Xyrog {*Corrode Str+4} (You
                  | bought it in a shop on level 2 of the Orcish Mines)
 27628 | D:13     | Noticed a sphinx
 27631 | D:13     | Noticed a fire giant
 27636 | D:13     | Killed a sphinx
 27639 | D:13     | Killed a fire giant
 27777 | D:13     | Identified the +1 war axe "Uzuj" {heavy, rElec rC+}
 27779 | D:13     | Identified the +1 spear "Kierghun" {flame, Dex+3}
 27881 | D:13     | Noticed Azrael
 28458 | D:13     | Killed Azrael
 28461 | D:13     | Reached XP level 16. HP: 138/138 MP: 16/16
 29050 | D:14     | Reached skill level 15 in Dodging
 29402 | D:14     | Found a radiant altar of Vehumet.
 29402 | D:14     | Noticed Nikola
 29414 | D:14     | Killed from afar by Nikola

Illustrated notes

Levels and vault maps discovered:
D:1:      eino_arrival_water_star, layout_basic, basic_ecumenical_altar
D:2:      kennysheep_six_static_rooms, layout_basic, minmay_domino_4
D:3:      layout_loops_corners, mainiacjoe_overflow_surrounded_room,
          elyvilon_altar_3
D:4:      layout_gridville
D:5:      layout_rooms, gammafunk_temple_overflow_claw,
          mainiacjoe_overflow_two_lobes, ebering_ghost_sewer_f,
          kennysheep_generic_room_5
D:6:      minmay_spotlight, layout_loops_ring, nicolae_wu_jian_wuxing_cycle,
          serial_shops, shop_fountains, minmay_misc_feat_cross,
          uniq_crazy_yiuf_cottage
D:7:      layout_gridville, temple_statues, hangedman_decor_points
D:8:      layout_loops_cross, nemelex_xobeh_ov_fountains_minmay,
          gammafunk_temple_overflow_elements
D:9:      layout_rooms, lair_entry_dummy, zombieorc2_lemuel,
          minmay_misc_feat_chi, uniq_pikel, uniq_jeremiah, uniq_harold,
          uniq_psyche
D:10:     layout_rooms, nicolae_ru_great_annihilating_truth,
          overflow_temple_1_default, uniq_erolcha, uniq_lodul
D:11:     layout_layer_cave, minmay_strange_pillars
D:12:     layout_stronghold, serial_shops, shop, chequers_mini_garden,
          kennysheep_slug_shrine
D:13:     layout_gridville, minmay_checkered_concentric_circles, uniq_azrael
D:14:     evilmike_halls_of_destruction, layout_rooms,
          lightli_vaults_fourway_checkpoint, gammafunk_ghost_necromancy,
          chequers_serial_rivers_room_b, kennysheep_small_circle
Temple:   nicolae_temple_bog_church
Lair:1:   layout_cave_pods, grunt_forest_large_clearing_hut, uniq_maggie,
          uniq_amaemon
Lair:2:   layout_regular_city, minmay_snake_entry_spellcaster,
          minmay_shattered_shrine
Lair:3:   layout_loops_ring, nicolae_swamp_entry_splash_gauntlet,
          pdpol_lair_neglected_garden, patterned_corridor, grunt_megastairs_1,
          uniq_gastronok
Lair:4:   layout_gridlike, serial_bayou_shore_a, infiniplex_staircase_pool,
          grunt_megastairs_5, lemuel_fruit_fields, uniq_sonja
Lair:5:   hellmonk_lair_end_abyssal_woods, layout_layer_cave, slime_entry_1,
          ebering_ghost_funeral_grove
Orc:1:    layout_caves, uniq_urug
Orc:2:    st_orc_open, layout_diamond_mine, basic_altar

Skill      XL: |  1  2  3  4  5  6  7  8  9 10 11 12 13 14 15 16 |
---------------+-------------------------------------------------+-----
Long Blades    | 1 2 4 5 6 8 10 11 12 13 14 15 16 | 16.0
Dodging        | 2 5 7 8 9 11 13 14 15 | 15.2
Fighting       | 6 8 9 11 12 14 16 | 16.7
Armour         | 4 5 |  5.0
Axes           | |  3.7

Action                     |  1- 3 |  4- 6 |  7- 9 | 10-12 | 13-15 | 16-18 || total
---------------------------+-------+-------+-------+-------+-------+-------++-------
  Melee: Hand axe          |    45 |   121 |    31 |       |       |       ||   197
         Dagger            |    37 |   101 |       |       |       |       ||   138
         Spear             |       |    17 |   156 |   191 |       |       ||   364
         Short sword       |       |       |    20 |       |       |       ||    20
         Falchion          |       |       |    48 |   284 |       |       ||   332
         Long sword        |       |       |       |   428 |  1866 |   190 ||  2484
  Throw: Dart              |       |       |       |       |     4 |       ||     4
 Invoke: Berserk           |     1 |     1 |     1 |     1 |     7 |     1 ||    12
         Trog's Hand       |       |       |       |     4 |     2 |       ||     6
         Brothers in Arms  |       |       |       |       |     8 |       ||     8
  Evoke: Wand              |       |     2 |     6 |    23 |    30 |       ||    61
         Phantom mirror    |       |       |       |       |     1 |     1 ||     2
    Use: Scroll            |       |       |     9 |     4 |    13 |       ||    26
         Potion            |       |       |       |     2 |     3 |       ||     5
   Stab: Sleeping          |     1 |       |       |       |       |       ||     1
         Distracted        |       |     1 |     2 |     8 |     2 |       ||    13
         Invisible         |       |       |       |     1 |       |       ||     1
 Armour: Animal skin       |     9 |       |       |       |       |       ||     9
         Chain mail        |    31 |       |       |       |    90 |    75 ||   196
         Ring mail         |       |    66 |    58 |   305 |   647 |       ||  1076
         Plate armour      |       |       |       |       |     1 |       ||     1
  Dodge: Dodged            |    15 |    54 |    31 |   329 |   829 |    44 ||  1302

Table legend: (Time is in decaauts)
 A = Elapsed time spent in this place.
 B = Non-inter-level travel time spent in this place.
 C = Inter-level travel time spent in this place.
 D = Time resting spent in this place.
 E = Time spent auto-exploring this place.
 F = Levels seen in this place.
 G = Mean time per level.
                   A        B        C        D        E       F      G
               +--------+--------+--------+--------+--------+-----+--------+
         Total |  29125 |  27667 |   1458 |   8131 |  15715 |  22 | 1323.9 |
       Dungeon |  16740 |  15776 |    964 |   3376 |  10401 |  14 | 1195.7 |
        Temple |      1 |      0 |      1 |      0 |      0 |   1 |    1.0 |
          Lair |   8559 |   8242 |    317 |   2465 |   4570 |   5 | 1711.8 |
  Orcish Mines |   3824 |   3650 |    174 |   2289 |    744 |   2 | 1912.0 |
               +--------+--------+--------+--------+--------+-----+--------+

Top non-repeatable levels by time:
   Orc:1: 2661 daAuts
  Lair:5: 2236 daAuts
    D:13: 2025 daAuts
     D:8: 1838 daAuts
  Lair:1: 1789 daAuts
  Lair:2: 1724 daAuts
    D:11: 1696 daAuts
     D:9: 1652 daAuts
  Lair:3: 1574 daAuts
    D:12: 1516 daAuts
     D:3: 1287 daAuts
  Lair:4: 1234 daAuts
   Orc:2: 1162 daAuts
     D:7: 1040 daAuts
     D:1: 987 daAuts
